 Dungeon Crawl Stone Soup version 0.31-a0-801-gc67433417a (webtiles) character file.

Game seed: 5546822518976264349

238 Essalna the Chiller (level 5, -1/35 HPs)
             Began as a Demonspawn Ice Elementalist on Sept 20, 2023.
             Was an Initiate of Vehumet.
             Killed from afar by an orc wizard (9 damage)
             ... with a puff of flame
             ... on level 4 of the Dungeon.
             The game lasted 00:05:49 (2447 turns).

Essalna the Chiller (Demonspawn Ice Elementalist)   Turns: 2447, Time: 00:05:50

Health: -1/35      AC:  7    Str: 13 (15) XL:     5   Next: 78%
Magic:  11/11      EV: 12    Int: 15 (18) God:    Vehumet [......]
Gold:   223        SH:  0    Dex: 11 (13) Spells: 11/12 levels left

rFire   . . .        f - +0 dagger
rCold   . . .        (no shield)
rNeg    . . .        a - +0 robe
rPois   .            s - +1 helmet
rElec   .            v - scarf {repulsion}
rCorr   .            (no gloves)
SInv    .            i - +0 pair of boots
Will    .....        o - amulet of magic regeneration
Stlth   ++           n - +6 ring of strength
HPRegen 0.25/turn    (no ring)
MPRegen 0.52/turn

%: repel missiles
@: about to teleport, hasted, very quick
A: slimy green scales 1
a: Renounce Religion


You were on level 4 of the Dungeon.
You worshipped Vehumet.
Vehumet was noncommittal.
You visited 1 branch of the dungeon, and saw 4 of its levels.

You collected 223 gold pieces.

Inventory:

Hand Weapons
 f - a +0 dagger (weapon)
Armour
 a - a +0 robe (worn)
 i - a +0 pair of boots (worn)
 s - a +1 helmet (worn)
 v - a scarf of repulsion (worn)
Jewellery
 n - a +6 ring of strength (left hand)
 o - an amulet of magic regeneration (around neck)
 p - a ring of resist corrosion
Scrolls
 d - a scroll of summoning {unknown}
 g - a scroll of enchant weapon {unknown}
 h - a scroll of amnesia {unknown}
 j - a scroll of identify
 k - a scroll of poison {unknown}
 l - a scroll of teleportation
 r - a scroll of vulnerability {unknown}
 u - a scroll of enchant armour
Potions
 b - a potion of magic
 c - a potion of invisibility {unknown}
 e - 2 potions of heal wounds {unknown}
 m - a potion of resistance {unknown}
 q - 2 potions of degeneration
 t - a potion of haste


   Skills:
 - Level 1.7 Dodging
 - Level 1.7 Stealth
 + Level 4.2 Spellcasting
 + Level 5.2 Ice Magic


You had 11 spell levels left.
You knew the following spells:

 Your Spells              Type           Power      Damage    Failure   Level
a - Freeze                Ice            72%        1d8       1%          1

Your spell library contained the following spells:

 Spells                   Type           Power      Damage    Failure   Level
 Frozen Ramparts          Ice            36%        1d6       6%          3
 Ozocubu's Armour         Ice            18%        N/A       6%          3
 Summon Ice Beast         Ice/Summ       11%        N/A       52%         4


Dungeon Overview and Level Annotations

Branches:
Dungeon (4/15)
 Temple: D:4-7

Altars:
Vehumet

Shops:
D:1 [

Annotations:
D:4 Eustachio, Pikel


Innate Abilities, Weirdness & Mutations

You are partially covered in slimy green scales. (AC +2)


Message History

Casting: Freeze (safe; 1% risk of failure)
Confirm with . or Enter, or press ? or * to list all spells.
You don't know that spell.
This spell is dangerous to cast!
You hear some strange, mumbled words.
A magic dart appears from out of thin air!
Your memorisation is interrupted.
The magic dart hits you but does no damage.
This spell is dangerous to cast!
You hear some strange, mumbled words.
A magic dart appears from out of thin air!
Your memorisation is interrupted.
The magic dart hits you!
Casting: Freeze (safe; 1% risk of failure)
Confirm with . or Enter, or press ? or * to list all spells.
You don't know that spell.
As you read the scroll labelled XOMODI HYUZET, it crumbles to dust.
It is a scroll of identify.
u - a scroll of enchant armour The gnoll misses you.
Something hits you but does no damage.
As you read the scroll labelled FUTWON KETONK, it crumbles to dust.
You feel strangely unstable.
It was a scroll of teleportation.
The crimson imp disappears in a puff of smoke!
The gnoll hits you with a +0 club. Something hits you.
* * * LOW HITPOINT WARNING * * *
It was a potion of degeneration.
There was something very wrong with that liquid.
You feel weakened.
You feel dopey.
You feel clumsy. Something barely misses you. The gnoll closely misses you.
It was a potion of haste.
You feel yourself speed up. Something hits you but does no damage.
The gnoll hits you but does no damage.
Eustachio casts a spell.
You barely miss the gnoll.
The orc wizard casts a spell.
The orc wizard flickers and vanishes!
The gnoll misses you. Something hits you.
* * * LOW HITPOINT WARNING * * *
The gnoll hits you but does no damage. The gnoll barely misses you.
You hear some strange, mumbled words.
A puff of flame appears from out of thin air!
The puff of flame hits you!
You die...

#######
##@{@gg###
##55###g...#
#or5#.#......
##{###.###.#..
#o.#..:..#.#..
#..###.#'#...
#.5..#.#....#
#....###..#
#......o.##


You could see Eustachio, 3 lemures, 2 orc wizards, 3 gnolls and a quokka
(summoned).

Vanquished Creatures
  A scorpion (D:3)
  A killer bee (D:3)
  An iguana (D:4)
  Terence (D:2)
  3 adders
  A worm (D:2)
  An orc (D:3)
  3 ball pythons
  3 endoplasms
  4 giant cockroaches
  8 goblins
  5 hobgoblins
  2 jackals (D:1)
  6 quokkas
  3 bats
  3 frilled lizards
  4 kobolds
  8 rats
58 creatures vanquished.

Notes
Turn   | Place    | Note
-------+----------+-------------------------------------------
     0 | D:1      | Essalna the Demonspawn Ice Elementalist began the quest for
                  | the Orb.
     0 | D:1      | Reached XP level 1. HP: 13/13 MP: 3/3
   267 | D:1      | Found Pompefum's Armour Emporium.
   378 | D:1      | Gained mutation: You are partially covered in slimy green
                  | scales. (AC +2) [demonic ancestry]
   378 | D:1      | Reached XP level 2. HP: 19/19 MP: 3/5
   605 | D:1      | Reached skill level 4 in Ice Magic
  1094 | D:2      | Reached XP level 3. HP: 19/24 MP: 4/7
  1197 | D:2      | Noticed Terence
  1209 | D:2      | Killed Terence
  1256 | D:2      | Reached XP level 4. HP: 30/30 MP: 5/8
  1724 | D:3      | Found a faded altar of an unknown god.
  1935 | D:3      | Identified the +0 leather armour "Gunung" {Rampage Drain
                  | rPois rF+}
  2181 | D:3      | Found a radiant altar of Vehumet.
  2191 | D:3      | Became a worshipper of Vehumet
  2268 | D:4      | Noticed a scorpion
  2273 | D:4      | Reached XP level 5. HP: 33/35 MP: 7/10
  2297 | D:3      | Reached skill level 5 in Ice Magic
  2307 | D:3      | HP: 1/35 [poisoned by a killer bee]
  2404 | D:4      | Noticed Eustachio
  2410 | D:4      | Noticed a lemure
  2411 | D:4      | Noticed a lemure
  2412 | D:4      | Noticed Pikel
  2412 | D:4      | Noticed a lemure
  2412 | D:4      | Noticed a lemure
  2414 | D:4      | Noticed a phantom
  2447 | D:4      | Killed from afar by an orc wizard

Illustrated notes

Levels and vault maps discovered:
D:1:      roderic_dead_forest, layout_basic, serial_shops, shop_statue
D:2:      minmay_chambers_of_twos, layout_rooms, uniq_terence
D:3:      layout_loops_ring, mainiacjoe_overflow_alcove_2,
          dreamdust_ecumenical_altar_statues, nicolae_titane
D:4:      layout_basic, lemuel_crystal_altar,
          minmay_a_box_with_orc_wizards_in_it, uniq_eustachio, uniq_pikel,
          uniq_sigmund

Skill      XL: |  1  2  3  4  5 |
---------------+----------------+-----
Ice Magic      | 4 5 |  5.2
Spellcasting   | 3 4 |  4.2
Dodging        | |  1.7
Stealth        | |  1.7

Action                     |  1- 3 |  4- 6 || total
---------------------------+-------+-------++-------
  Melee: Unarmed           |     1 |       ||     1
         Dagger            |    32 |    21 ||    53
         Punch             |       |     1 ||     1
   Cast: Freeze            |    45 |    51 ||    96
    Use: Scroll            |       |     2 ||     2
         Potion            |       |     2 ||     2
 Armour: Robe              |    26 |    56 ||    82
  Dodge: Dodged            |    43 |    61 ||   104

Table legend: (Time is in decaauts)
 A = Elapsed time spent in this place.
 B = Non-inter-level travel time spent in this place.
 C = Inter-level travel time spent in this place.
 D = Time resting spent in this place.
 E = Time spent auto-exploring this place.
 F = Levels seen in this place.
 G = Mean time per level.
                   A        B        C        D        E       F      G
               +--------+--------+--------+--------+--------+-----+--------+
         Total |   2445 |   2349 |     96 |     57 |   1778 |   4 |  611.2 |
       Dungeon |   2445 |   2349 |     96 |     57 |   1778 |   4 |  611.2 |
               +--------+--------+--------+--------+--------+-----+--------+

Top non-repeatable levels by time:
     D:1: 1008 daAuts
     D:3: 822 daAuts
     D:2: 544 daAuts
     D:4: 70 daAuts
